 Dungeon Crawl Stone Soup version 0.30-a0-354-g6b83867211 (webtiles) character file.

Game seed: 14352032041997080217

740 themarg the Trooper (level 7, 0/71 HPs)
             Began as an Armataur Fighter on Nov 8, 2022.
             Slain by a water moccasin (4 damage)
             ... on level 5 of the Dungeon.
             The game lasted 00:09:26 (3568 turns).

themarg the Trooper (Armataur Fighter)              Turns: 3568, Time: 00:09:27

Health: 0/71       AC:  8    Str: 24    XL:     7   Next: 46%
Magic:  7/7        EV:  5    Int:  8    God:
Gold:   151        SH:  4    Dex:  9    Spells: 6/6 levels left

rFire   . . .      SeeInvis .    a - +1 flail
rCold   . . .      Faith    .    c - +0 buckler
rNeg    . . .      Spirit   .    k - +0 chain mail
rPois   .          Reflect  .    (no helmet)
rElec   .          Harm     .    (no cloak)
rCorr   .          Roll     +    (no gloves)
Will    .....                    (no barding)
Stlth   ..........               p - amulet of regeneration
HPRegen 1.11/turn                (no ring)
MPRegen 0.10/turn                (no ring)

@: lethally poisoned (0 -> 0)
A: large, rugged brown scales 3, deformed body, armoured tail, roll, long
tongue, awkward tongue
a: no special abilities


You were on level 5 of the Dungeon.
You visited 1 branch of the dungeon, and saw 5 of its levels.

You collected 151 gold pieces.

Inventory:

Hand Weapons
 a - a +1 flail (weapon)
Missiles
 f - 31 stones (quivered)
 q - 2 boomerangs
 r - 5 poisoned darts
Armour
 c - a +0 buckler (worn)
 k - a +0 chain mail (worn)
 w - the +2 helmet of the Three Servitors {Harm rPois rC- rN+++}
   (You found it on level 4 of the Dungeon)

   rC:        It makes you vulnerable to cold.
   rPois:     It protects you from poison.
   rN:        It renders you almost immune to negative energy.
   Harm:      It increases damage dealt and taken.
Jewellery
 p - an amulet of regeneration (around neck)
Wands
 m - a wand of flame (7)
Scrolls
 e - a scroll of enchant armour {unknown}
 i - 2 scrolls of blinking
 j - a scroll of amnesia {unknown}
 l - a scroll of enchant weapon
 u - a scroll of noise {unknown}
Potions
 b - 3 potions of curing
 d - a potion of might
 g - 3 potions of resistance
 h - a potion of flight
 n - 2 potions of degeneration
 o - 2 potions of mutation
 s - 2 potions of attraction {unknown}
 t - a potion of experience {unknown}
 v - a potion of lignification {unknown}


   Skills:
 + Level 7.7 Fighting
 - Level 1.7 Maces & Flails
 - Level 3.6 Armour
 - Level 3.0 Stealth
 - Level 3.2 Shields


You had 6 spell levels left.
You didn't know any spells.
Your spell library contained the following spells:

 Spells                   Type           Power      Damage    Failure   Level
 Kiss of Death            Conj/Necr      0%         2d5       98%         1
 Blink                    Tloc           0%         N/A       99%         2
 Confusing Touch          Hex            0%         N/A       100%        3
 Dispel Undead            Necr           0%         3d6       100%        4
 Manifold Assault         Tloc           0%         N/A       100%        4
 Storm Form               Tmut/Air       0%         N/A       100%        7


Dungeon Overview and Level Annotations

Branches:
Dungeon (5/15)
 Temple: D:4-7

Altars:
Dithmenos
Hepliaklqana
Ru
Vehumet
Wu Jian
Zin

Shops:
D:1 (


Innate Abilities, Weirdness & Mutations

You are completely covered in rugged brown scales. (AC +3, +7% HP)
Armour fits poorly on your strangely shaped body.
You have a long armoured tail.
You roll when moving toward enemies. (Rampage)
Your long tongue fully drains potion bottles. (2x potion effects)
Your tongue gives you trouble enunciating. (1.5x scroll delay)


Message History

You barely miss the water moccasin.
The water moccasin is lightly wounded.
You feel very sick. You block the water moccasin's attack.
The water moccasin bites you!
You are more poisoned.
The water moccasin poisons you!
You closely miss the water moccasin.
The water moccasin is lightly wounded.
You feel extremely sick. The water moccasin barely misses you.
The water moccasin bites you.
You are more poisoned.
The water moccasin poisons you!
You hit the water moccasin.
The water moccasin is lightly wounded.
You feel extremely sick. The water moccasin bites you.
You block the water moccasin's attack.
You barely miss the water moccasin.
The water moccasin is lightly wounded.
You feel extremely sick. The water moccasin barely misses you.
The water moccasin bites you.
You barely miss the water moccasin.
The water moccasin is lightly wounded.
You feel very sick. The water moccasin barely misses you.
The water moccasin bites you.
* * * LOW HITPOINT WARNING * * *
You barely miss the water moccasin.
The water moccasin is lightly wounded.
You feel very sick. The water moccasin closely misses you.
The water moccasin bites you!
* * * LOW HITPOINT WARNING * * *
You hit the water moccasin but do no damage.
You tail-slap the water moccasin.
The water moccasin is lightly wounded.
You feel very sick. The water moccasin bites you.
* * * LOW HITPOINT WARNING * * *
You closely miss the water moccasin.
The water moccasin is lightly wounded.
You feel sick. The water moccasin bites you.
You die...

S....#
.[..# ...
#.#####
###.....#
#...##....#
#.### ###
####S#
#...@#
#.#### #.#
#.# #<# ###


You could see a water moccasin.

Vanquished Creatures
  Sigmund (D:4)
  The ghost of kd29 the Ruffian, an amateur DrTm (D:4)
  Duvessa (D:4)
  A bullfrog (D:4)
  A scorpion (D:4)
  Dowan (D:4)
  A jelly (D:4)
  An iguana (D:4)
  An orc wizard (D:3)
  3 gnolls (D:4)
  2 dart slugs (D:4)
  5 orcs
  7 ball pythons
  5 endoplasms
  2 giant cockroaches
  6 goblins
  3 hobgoblins
  7 jackals
  A quokka (D:2)
  4 bats
  3 frilled lizards
  8 kobolds
  7 rats
72 creatures vanquished.

Notes
Turn   | Place    | Note
-------+----------+-------------------------------------------
     0 | D:1      | themarg the Armataur Fighter began the quest for the Orb.
     0 | D:1      | Reached XP level 1. HP: 19/19 MP: 1/1
   176 | D:1      | Reached skill level 1 in Stealth
   260 | D:1      | Reached skill level 3 in Fighting
   276 | D:1      | Reached XP level 2. HP: 27/27 MP: 2/2
   608 | D:1      | You fall into a shaft and drop 1 floor!
   883 | D:1      | Found Beuchyqa's Antique Weapon Shop.
  1167 | D:2      | Reached XP level 3. HP: 29/33 MP: 3/3
  1806 | D:3      | Reached XP level 4. HP: 42/42 MP: 4/4
  1825 | D:3      | Found a faded altar of an unknown god.
  2023 | D:3      | Found a sacrificial altar of Ru.
  2025 | D:3      | Found an ornate altar of the Wu Jian Council.
  2026 | D:3      | Found a hazy altar of Hepliaklqana.
  2026 | D:3      | Found a radiant altar of Vehumet.
  2028 | D:3      | Found a shadowy altar of Dithmenos.
  2029 | D:3      | Found a glowing silver altar of Zin.
  2512 | D:4      | Noticed Dowan
  2591 | D:4      | Noticed Sigmund
  2598 | D:4      | Killed Sigmund
  2599 | D:4      | Reached skill level 5 in Fighting
  2599 | D:4      | Reached XP level 5. HP: 51/51 MP: 5/5
  2866 | D:4      | Reached XP level 6. HP: 56/60 MP: 6/6
  2887 | D:4      | Reached skill level 6 in Fighting
  2932 | D:4      | Noticed Duvessa
  2989 | D:4      | Killed Duvessa
  2990 | D:4      | Reached XP level 7. HP: 26/68 MP: 7/7
  2994 | D:4      | HP: 2/68 [Dowan/+0 dagger of holy wrath (2)]
  2999 | D:4      | Killed Dowan
  3000 | D:4      | Reached skill level 7 in Fighting
  3191 | D:4      | Identified the +2 helmet of the Three Servitors {Harm rPois
                  | rC- rN+++}
  3273 | D:4      | Noticed kd29's ghost (amateur DrTm)
  3310 | D:4      | Found a runed translucent door.
  3499 | D:4      | Killed kd29's ghost
  3541 | D:5      | Entered Level 5 of the Dungeon
  3568 | D:5      | Slain by a water moccasin

Illustrated notes

Levels and vault maps discovered:
D:1:      evilmike_arrival_hilbert_curve, layout_basic, serial_shops,
          nicolae_shop_behind_doors
D:2:      layout_basic
D:3:      layout_basic, grunt_temple_overflow_open, serial_corexii_hall,
          chequers_hall_statues_y, corexii_hall_statues_x,
          corexii_hall_statues_u, chequers_hall_statues_corner_a,
          corexii_hall_statues_l, corexii_hall_statues_u,
          nicolae_ecumenical_oubliette
D:4:      layout_basic, hellmonk_ghost_happy_afterlife, uniq_duvessa,
          uniq_sigmund
D:5:      layout_basic, ebering_ghost_sewer_f,
          minmay_a_box_with_orc_wizards_in_it

Skill      XL: |  1  2  3  4  5  6  7 |
---------------+----------------------+-----
Stealth        | 1 2 3 |  3.0
Fighting       | 3 5 6 7 |  7.7
Maces & Flails | |  1.7
Armour         | |  3.6
Shields        | |  3.2

Action                   |  1- 3 |  4- 6 |  7- 9 || total
-------------------------+-------+-------+-------++-------
Melee: Flail             |   120 |    89 |    46 ||   255
       Tailslap          |     4 |     9 |     3 ||    16
  Use: Scroll            |     3 |     1 |     2 ||     6
       Potion            |       |     1 |     1 ||     2
Armor: Scale mail        |    24 |       |       ||    24
       Chain mail        |    43 |    49 |    14 ||   106
Dodge: Dodged            |    34 |    16 |    14 ||    64
Block: Buckler           |    20 |    22 |     7 ||    49

Table legend: (Time is in decaauts)
 A = Elapsed time spent in this place.
 B = Non-inter-level travel time spent in this place.
 C = Inter-level travel time spent in this place.
 D = Time resting spent in this place.
 E = Time spent auto-exploring this place.
 F = Levels seen in this place.
 G = Mean time per level.
                   A        B        C        D        E       F      G
               +--------+--------+--------+--------+--------+-----+--------+
         Total |   3657 |   3409 |    248 |    164 |   2421 |   5 |  731.4 |
       Dungeon |   3657 |   3409 |    248 |    164 |   2421 |   5 |  731.4 |
               +--------+--------+--------+--------+--------+-----+--------+

Top non-repeatable levels by time:
     D:4: 1025 daAuts
     D:1: 1021 daAuts
     D:3: 890 daAuts
     D:2: 690 daAuts
     D:5: 29 daAuts
